cohdb
Replays
Latest Replays
All Replays
Popular Replays
Top Player Replays
Match Explorer
How It Works
Community
CoH3 Stats
Reddit
Sign in to upload your games and track your stats! →
Sign in with Steam
Match 39122496
Unlisted
Match 39122496
Overview
Messages
Build Orders
End
Kettenkrad Recon Vehicle
Construct Infanterie Kompanie
Grenadier Squad
Grenadier Squad
MG 42 Machine Gun Team
GrW 34 Mortar Team
Construct Panzergrenadier Kompanie
Pak 40 Anti-tank Gun Team
Medical Bunker
Construct Panzer Kompanie
Stoßtruppen Squad
Grenadier Squad
Panzer IV Medium Tank
Infanterie Officer Quarters
Stoßtruppen Squad
Kettenkrad Recon Vehicle
Pak 40 Anti-tank Gun Team
Selects Breakthrough Battlegroup
Selects Rapid Production
Selects Blitzkrieg
Selects Tiger Heavy Tank
The Real Green
Viktor
Bruistablet
Balboa
0
0
Comments
sign in to comment!
No comments posted yet!